 Dungeon Crawl Stone Soup version 0.18-a0-1526-gcb34c7c (webtiles) character file.

2492 Oddball22 the Transmogrifier (level 9, -3/67 HPs)
             Began as a White Draconian Transmuter on Mar 8, 2016.
             Was a Believer of Sif Muna.
             Slain by Blork the orc
             ... wielding a +0 battleaxe
              (8 damage)
             ... on level 6 of the Dungeon.
             The game lasted 00:20:35 (7792 turns).

Oddball22 the Transmogrifier (DrTm)                 Turns: 7792, Time: 00:20:36

Health: -3/67      AC:  2    Str: 12    XL:     9   Next: 27%
Magic:  14/14      EV: 19    Int: 14    God:    Sif Muna [**....]
Gold:   269        SH:  0    Dex: 20    Spells: 5 memorised, 0 levels left

rFire  . . .     SeeInvis .       - Unarmed
rCold  . . .     Gourm    .     (armour unavailable)
rNeg   . . .     Faith    .     (shield currently unavailable)
rPois  x         Spirit   .     (helmet currently unavailable)
rElec  .         Dismiss  .     (cloak currently unavailable)
rCorr  .         Reflect  .     (gloves currently unavailable)
SustAt .         Harm     .     (boots currently unavailable)
MR     .....                    (no amulet)
Stlth  ++........               (no ring)
                                e - ring of flight (curse)

@: spider-form (expiring), not resistant to hostile enchantments, unstealthy
A: (breathe frost), unfitting armour, (cold resistance 0), (cold-blooded), AC +7
a: End Transformation, Channel Energy, Renounce Religion, Evoke Flight


You were on level 6 of the Dungeon.
You worshipped Sif Muna.
Sif Muna was pleased with you.
You were hungry.
You were a venomous arachnid creature.
You visited 1 branch of the dungeon, and saw 6 of its levels.

You collected 269 gold pieces.

Inventory:

Missiles
 a - 88 arrows
 v - 14 arrows of frost
Armour
 m - a +0 cloak (melded)
Magical Staves
 x - an uncursed staff of air (melded)
Jewellery
 e - a cursed ring of flight (left front leg)
 A - an uncursed amulet of regeneration {unknown}
Wands
 u - a wand of acid (8/15)
 w - a wand of iceblast (10/15)
Scrolls
 f - 2 scrolls of random uselessness {unknown}
 i - 4 scrolls of remove curse {unknown}
 l - 4 scrolls of recharging {unknown}
 n - a scroll of enchant armour {unknown}
 q - 2 scrolls of immolation {unknown}
 r - 5 scrolls of identify {unknown}
 y - a scroll of fear {unknown}
 z - a scroll of teleportation {unknown}
Potions
 d - a potion of resistance {unknown}
 h - a potion of agility
 j - a potion of curing {unknown}
 o - 4 potions of brilliance {unknown}
 t - a potion of lignification
 B - a potion of might
Books
 b - a book of Changes

   Spells                             Type                      Level
   a - Beastly Appendage              Transmutation                1
   b - Sticks to Snakes               Transmutation                2
   c - Spider Form                    Transmutation/Poison         3
   d - Ice Form                       Ice/Transmutation            4
   e - Blade Hands                    Transmutation                5
Comestibles
 c - 7 bread rations
 k - 2 beef jerkies
 p - 2 royal jellies
 s - a meat ration


   Skills:
 + Level 2.1 Fighting
 - Level 1.7 Dodging
 + Level 3.7 Unarmed Combat
 - Level 3.6 Spellcasting
 * Level 9.0 Transmutations
 + Level 6.1 Ice Magic
 - Level 5.5 Poison Magic


You couldn't memorise any spells.
You knew the following spells:

 Your Spells              Type           Power        Failure   Level  Hunger
a - Beastly Appendage     Trmt           ####..       4%          1    None
b - Sticks to Snakes      Trmt           ####....     4%          2    ##.....
c - Spider Form           Trmt/Pois      ###.......   12%         3    ###....
d - Ice Form              Ice/Trmt       ###.....     28%         4    ####...
e - Blade Hands           Trmt           ####......   36%         5    ######.


Dungeon Overview and Level Annotations

Branches:
Dungeon (6/15)             Temple (0/1) D:5

Altars:
Ashenzari
Dithmenos
Fedhas
Kikubaaqudgha
Ru
Sif Muna
Xom

Shops:
D:4 *   D:5 %

Annotations:
D:6 Blork the orc; Dowan; Duvessa; namelastname112's ghost, novice DrCj


Innate Abilities, Weirdness & Mutations

((You can breathe waves of freezing cold.))
((You can buffet flying creatures when you breathe cold.))
((Your icy white scales are hard (AC +7).))
Your body does not fit into most forms of armour.
((Your flesh is cold resistant.))
((You are cold-blooded and may be slowed by cold attacks.))


Message History

The water moccasin skeleton completely misses you.
You open the large door.
The water moccasin skeleton completely misses you.
Dowan mumbles some strange words.
Dowan blinks!
Duvessa hits you with a short sword!
* * * LOW HITPOINT WARNING * * *
Drink which item? (? for menu, Esc to quit)
You feel much better.
Blork the orc screams, "I'll drink your blood!
Soon!"
Blork the orc misses you. Duvessa hits you with a short sword.
The water moccasin skeleton completely misses you.
Blork the orc casts a spell at you. The magic dart hits you!
* * * LOW HITPOINT WARNING * * *
Duvessa hits you with a short sword!
* * * LOW HITPOINT WARNING * * *
There is a large open door here.
There is a large open door here.
Blork the orc hits you with a battleaxe!
You die...

..####.....e..#. ......#
.. #....##.####.###......#
. #....##.# #..........#
#....##+####........... ..
#..........#...........
#.##..........#...........
#..#..........#..........#
#...........l##.........#
#........e..Zeos........#
##............##.........#
........................##
........................#
........................#
........................#
.......#####............#
...##..# #............#
'####..# #.........[..#


You could see Duvessa, Blork the orc, Dowan, a giant gecko and a water moccasin
skeleton.

Vanquished Creatures
  Grinder (D:6)
  Sigmund (D:3)
  Eustachio (D:6)
  Edmund (D:4)
  2 sky beasts (D:5)
  A phantom (D:5)
  An ice beast (D:5)
  A necrophage (D:3)
  3 ogres
  2 centaurs
  2 giant frogs (D:6)
  A water moccasin skeleton (D:5)
  2 howler monkeys
  4 crimson imps (D:5)
  A giant frog zombie (D:6)
  A jelly (D:5)
  3 hounds
  2 orc priests (D:6)
  An iguana (D:6)
  3 orc wizards
  3 worker ants
  2 hound skeletons
  A worker ant zombie (D:6)
  9 adders
  2 shadow imps (D:5)
  A worm (D:4)
  2 dart slugs
  5 giant geckos
  16 orcs
  2 ball pythons
  5 bats
  3 giant cockroaches
  5 goblins
  7 hobgoblins
  4 jackals (D:2)
  11 kobolds
  9 quokkas
  2 giant gecko skeletons
  4 giant newts
  A jackal skeleton (D:4)
  A jackal zombie (D:5)
  3 rats
132 creatures vanquished.

Notes
Turn   | Place    | Note
--------------------------------------------------------------
     0 | D:1      | Oddball22 the Draconian Transmuter began the quest for the Orb.
     0 | D:1      | Reached XP level 1. HP: 16/16 MP: 3/3
   406 | D:1      | Reached XP level 2. HP: 17/23 MP: 3/5
   880 | D:1      | Learned a level 2 spell: Sticks to Snakes
  1516 | D:2      | Reached XP level 3. HP: 26/28 MP: 6/6
  1855 | D:2      | Learned a level 3 spell: Spider Form
  1943 | D:2      | Reached skill level 3 in Transmutations
  2285 | D:2      | Found a sacrificial altar of Ru.
  2285 | D:2      | Found a shimmering altar of Xom.
  2426 | D:3      | Reached skill level 1 in Poison Magic
  2426 | D:3      | Reached XP level 4. HP: 31/35 MP: 1/8
  2792 | D:3      | Noticed Sigmund
  2856 | D:3      | Killed Sigmund
  2856 | D:3      | Reached skill level 5 in Transmutations
  2856 | D:3      | Reached XP level 5. HP: 13/40 MP: 5/9
  2856 | D:3      | Reached XP level 6. HP: 15/47 MP: 5/10
  3069 | D:3      | Found a faded altar to an unknown god.
  3129 | D:3      | Learned a level 4 spell: Ice Form
  3317 | D:3      | Found a blossoming altar of Fedhas.
  3680 | D:4      | HP: 2/46 [poisoned by an adder]
  3688 | D:4      | HP: 1/46 [poisoned by an adder]
  4155 | D:4      | Reached skill level 1 in Ice Magic
  4230 | D:4      | Your scales start taking on an icy white colour.
  4230 | D:4      | Reached XP level 7. HP: 48/51 MP: 12/12
  4230 | D:4      | Gained mutation: Your flesh is cold resistant. [White Draconian growth]
  4292 | D:4      | Found a deep blue altar of Sif Muna.
  4295 | D:4      | Became a worshipper of Sif Muna the Loreminder
  4336 | D:4      | Found Velykhlu's Assorted Antiques.
  4491 | D:5      | Entered Level 5 of the Dungeon
  4491 | D:5      | Noticed Edmund
  4511 | D:4      | Killed Edmund
  4511 | D:4      | Reached skill level 6 in Transmutations
  4625 | D:4      | HP: 2/51 [worker ant (5)]
  4895 | D:5      | Found a shattered altar of Ashenzari.
  4896 | D:5      | Found a shadowy altar of Dithmenos.
  4900 | D:5      | Found an ancient bone altar of Kikubaaqudgha.
  4967 | D:5      | Reached * piety under Sif Muna
  5018 | D:5      | Reached XP level 8. HP: 35/59 MP: 13/13
  5181 | D:5      | Reached skill level 7 in Transmutations
  5183 | D:5      | HP: 2/59 [crimson imp (4)]
  6016 | D:5      | Reached ** piety under Sif Muna
  6016 | D:5      | Reached skill level 5 in Poison Magic
  6106 | D:5      | Found a staircase to the Ecumenical Temple.
  6118 | D:5      | Found Lubboll's Food Shoppe.
  6226 | D:5      | Reached skill level 8 in Transmutations
  6226 | D:5      | Reached skill level 5 in Ice Magic
  6978 | D:6      | Noticed Eustachio
  7008 | D:6      | Killed Eustachio
  7008 | D:6      | Reached XP level 9. HP: 28/64 MP: 9/14
  7298 | D:6      | Noticed namelastname112's ghost (novice DrCj)
  7443 | D:6      | Learned a level 5 spell: Blade Hands
  7648 | D:6      | Noticed Grinder
  7681 | D:6      | Paralysed by Grinder for 4 turns
  7693 | D:6      | Killed Grinder
  7693 | D:6      | Reached skill level 9 in Transmutations
  7747 | D:6      | Noticed Blork the orc
  7754 | D:6      | Noticed Dowan
  7756 | D:6      | Noticed Duvessa
  7788 | D:6      | HP: 2/67 [Duvessa/short sword (9)]
  7792 | D:6      | Slain by Blork the orc

Vault maps used:
D:1:      minmay_arrival_stair_chambers
D:2:      gammafunk_temple_overflow_wave, first_bread
D:3:      ecumenical_altar_2, minmay_misc_feat_nine_boxes, fedhas_altar_2,
          uniq_sigmund
D:4:      lemuel_blue_sif_altar, serial_shops, kennysheep_mini
D:5:      forest_paths, minitemple, minmay_temple_entry_overgrown, serial_shops,
          shop, uniq_edmund
D:6:      uniq_grinder, uniq_eustachio, uniq_duvessa, uniq_blork_the_orc

Skill      XL: |  1  2  3  4  5  6  7  8  9 |
---------------+----------------------------+-----
Transmutations | 3 5 6 8 9 |  9.0
Poison Magic   | 1 2 3 4 5 |  5.5
Spellcasting   | 3 |  3.6
Ice Magic      | 1 3 5 6 |  6.1
Fighting       | 2 |  2.1
Dodging        | |  1.7
Unarmed Combat | |  3.7

Action                   |  1- 3 |  4- 6 |  7- 9 || total
-------------------------+-------+-------+-------++-------
Melee: Unarmed           |   199 |   185 |   329 ||   713
       Staff             |       |       |    74 ||    74
 Cast: Beastly Appendage |    17 |    14 |    18 ||    49
       Spider Form       |     2 |     3 |    14 ||    19
       Ice Form          |       |       |     2 ||     2
       Blade Hands       |       |       |     2 ||     2
  Use: Potion            |       |       |     4 ||     4
 Stab: Sleeping          |     1 |     1 |       ||     2
  Eat: Chunk             |     5 |     7 |    14 ||    26
